 Dungeon Crawl Stone Soup version 0.27.1-2-g3b301248ec (webtiles) character file.

Game seed: 15264700558613294306

123 Kold the Insei (level 5, -1/33 HPs)
             Began as an Octopode Transmuter on Oct 1, 2021.
             Slain by Grinder (5 damage)
             ... on level 3 of the Dungeon.
             The game lasted 00:04:00 (3294 turns).

Kold the Insei (Octopode Transmuter)                Turns: 3294, Time: 00:04:00

Health: -1/33      AC:  1    Str:  9    XL:     5   Next: 7%
Magic:  6/8        EV: 13    Int: 17    God:
Gold:   115        SH:  0    Dex: 12    Spells: 2/8 levels left

rFire    . . .     SeeInvis .     - Unarmed
rCold    . . .     Faith    .   (no shield)
rNeg     . . .     Spirit   .   (helmet currently unavailable)
rPois    .         Reflect  .   (no amulet)
rElec    .         Harm     .   (no ring)
rCorr    .         Rampage  .   (no ring)
Will     .....                  (no ring)
Stlth    ++........             (no ring)
HPRegen  0.11/turn              (no ring)
MPRegen  0.11/turn              (no ring)
                                (no ring)
                                (no ring)

@: appendages, wereblooded
A: tentacle spike 3, almost no armour, amphibious, 8 rings, camouflage 1,
gelatinous body 1, (nimble swimmer 1), tentacles
a: End Transformation


You were on level 3 of the Dungeon.
One of your tentacles had grown a beastly spike.
You visited 1 branch of the dungeon, and saw 3 of its levels.

You collected 115 gold pieces.

Inventory:

Missiles
 b - 2 throwing nets
Scrolls
 a - a scroll of magic mapping {unknown}
 d - 2 scrolls of teleportation {unknown}
 e - a scroll of enchant weapon {unknown}
 f - 2 scrolls of vulnerability {unknown}
 g - a scroll of silence {unknown}
Potions
 c - a potion of heal wounds {unknown}


   Skills:
 - Level 1.0 Fighting
 - Level 2.0 Dodging
 + Level 4.2 Unarmed Combat
 - Level 2.0 Spellcasting
 + Level 3.5 Transmutations
 * Level 2.1 Poison Magic


You had 2 spell levels left.
You knew the following spells:

 Your Spells              Type           Power      Damage    Failure   Level
a - Beastly Appendage     Tmut           26%        N/A       4%          1
b - Wereblood             Tmut           13%        N/A       7%          2
c - Spider Form           Tmut/Pois      5%         N/A       19%         3

Your spell library contained the following spells:

 Spells                   Type           Power      Damage    Failure   Level
 Ice Form                 Ice/Tmut       7%         N/A       67%         4


Dungeon Overview and Level Annotations

Branches:
Dungeon (3/15)

Altars:
Kikubaaqudgha
Uskayaw
Xom

Shops:
D:3 (

Annotations:
D:3 Grinder


Innate Abilities, Weirdness & Mutations

One of your tentacles has grown a beastly spike.
You cannot wear most types of armour.
You are amphibious.
You can wear up to eight rings at the same time.
Your skin changes colour to match your surroundings (Stealth+).
Your rubbery body absorbs attacks. (AC +1, EV +1)
((You are camouflaged near water. (Stealth+)))
You have tentacles for arms and can constrict up to eight enemies at once.


Message History

You closely miss Grinder. You grab Grinder.
You squeeze Grinder, but do no damage. You constrict Grinder. Grinder hits you!
You writhe in agony.
You tentacle-slap Grinder.
Grinder is lightly wounded.
You constrict Grinder. Grinder hits you.
You are too injured to fight recklessly!
You are too injured to fight recklessly!
You are too injured to fight recklessly!
You tentacle-slap Grinder but do no damage.
Grinder is lightly wounded.
You constrict Grinder. Grinder closely misses you.
You completely miss Grinder.
You pierce Grinder, but do no damage.
Grinder is lightly wounded.
You constrict Grinder. You tentacle-slap Grinder.
Grinder is moderately wounded.
You constrict Grinder. Grinder closely misses you.
You tentacle-slap Grinder.
You pierce Grinder, but do no damage.
Grinder is moderately wounded.
You constrict Grinder. Grinder gestures at you.
You resist with significant effort.
You tentacle-slap Grinder.
You pierce Grinder.
Grinder is heavily wounded.
You constrict Grinder, but do no damage.
Grinder hits you.
You tentacle-slap Grinder but do no damage.
You pierce Grinder, but do no damage.
Grinder is heavily wounded.
You constrict Grinder. Grinder barely misses you.
You tentacle-slap Grinder. You squeeze Grinder.
Grinder is severely wounded.
You constrict Grinder. Grinder hits you but does no damage.
You tentacle-slap Grinder.
Grinder is almost dead.
You constrict Grinder. Grinder hits you!
* * * LOW HITPOINT WARNING * * *
You writhe in agony.
You die...

.....#.#. # #
....#.⌠.# # ..
.. . .....# .
.# .. #. #
#).#.# #. #. ..
# #..##.# ⌠. ##
8 #. #.## #..#
#.# .#.#.#.##.
#... ...#
#..#.....#..
#### ##.# #.
#...5.# #
#.#### # #@# ##
#....# ##. #.##
#. ####.#
#..###..# #.
#.# #.._....#
#. #.#
#.##.##.#####..
#. #.#
#..............
#. #.#
#..#.##.#####..
#. #.#
#..#.##.###.
#..... #.#
#...........
###.###.


You could see Grinder.

Vanquished Creatures
  An orc wizard (D:3)
  3 gnolls (D:3)
  2 dart slugs (D:1)
  7 orcs
  A ball python (D:3)
  8 bats
  5 endoplasms
  2 giant cockroaches (D:1)
  5 goblins
  5 hobgoblins
  4 kobolds
  2 quokkas (D:1)
  5 frilled lizards
  8 rats
58 creatures vanquished.

Notes
Turn   | Place    | Note
-------+----------+-------------------------------------------
     0 | D:1      | Kold the Octopode Transmuter began the quest for the Orb.
     0 | D:1      | Reached XP level 1. HP: 13/13 MP: 3/3
   193 | D:1      | Reached XP level 2. HP: 14/18 MP: 5/5
   829 | D:1      | Reached XP level 3. HP: 23/23 MP: 4/6
  2402 | D:2      | Reached skill level 4 in Unarmed Combat
  2402 | D:2      | Reached XP level 4. HP: 20/28 MP: 7/7
  2405 | D:2      | Learned a level 2 spell: Wereblood
  2409 | D:2      | Learned a level 3 spell: Spider Form
  2515 | D:3      | Reached skill level 1 in Poison Magic
  2857 | D:3      | Noticed an ogre
  3068 | D:3      | Found a hide-covered altar of Uskayaw.
  3074 | D:3      | Found an ancient bone altar of Kikubaaqudgha.
  3077 | D:3      | Found a shimmering altar of Xom.
  3142 | D:3      | Found Qeveneirph's Weapon Boutique.
  3180 | D:3      | Reached XP level 5. HP: 33/33 MP: 6/8
  3271 | D:3      | Found a faded altar of an unknown god.
  3282 | D:3      | Noticed Grinder
  3294 | D:3      | Slain by Grinder

Illustrated notes

Levels and vault maps discovered:
D:1:      dpeg_arrival_subterranean_lakeside_camping, layout_loops_corners,
          minmay_misc_feat_tiny
D:2:      layout_rooms, grunt_decor_clamped
D:3:      layout_loops_ring, nicolae_overflow_quartered_altars,
          basic_ecumenical_altar, serial_shops, shop, grunt_decor_mini_mirrors,
          uniq_grinder

Skill      XL: |  1  2  3  4 |
---------------+-------------+-----
Transmutations | 3 |  3.5
Unarmed Combat | 4 |  4.2
Poison Magic   | 2 |  2.1
Fighting       | |  1.0
Dodging        | |  2.0
Spellcasting   | |  2.0

Action                   |  1- 3 |  4- 6 || total
-------------------------+-------+-------++-------
Melee: Unarmed           |   102 |    50 ||   152
       Constrict         |    32 |    11 ||    43
       Tentacles         |    16 |     7 ||    23
       Punch             |     2 |       ||     2
       Kick              |     7 |    11 ||    18
 Cast: Beastly Appendage |    14 |     6 ||    20
       Wereblood         |       |     3 ||     3
       Spider Form       |       |     1 ||     1
 Stab: Sleeping          |     6 |       ||     6
Armor: Skin              |     7 |     4 ||    11
Dodge: Dodged            |    55 |    36 ||    91
